 Dungeon Crawl Stone Soup version 0.31-a0-1178-gc5c9b8f871 (webtiles) character file.

Game seed: 13929243656661739088

141 qw the Shooter (level 5, -8/32 HPs)
             Began as a Gargoyle Hunter on Dec 11, 2023.
             Killed by divine providence
             ... invoked by an orc priest
              (13 damage)
             ... on level 3 of the Dungeon.
             The game lasted 00:00:54 (1862 turns).

qw the Shooter (Gargoyle Hunter)                    Turns: 1862, Time: 00:00:55

Health: -8/32      AC: 10    Str: 15    XL:     5   Next: 24%
Magic:  5/5        EV: 11    Int:  9    God:
Gold:   164        SH:  0    Dex: 15    Spells: 4/4 levels left

rFire   . . .        a - +0 shortbow
rCold   . . .        (shield currently unavailable)
rNeg    + . .        h - +0 ring mail
rPois   inf          (no helmet)
rElec   +            (no cloak)
rCorr   .            b - +0 pair of gloves
SInv    .            (no boots)
Will    .....        (no amulet)
Stlth   +            (no ring)
HPRegen 0.25/turn    (no ring)
MPRegen 0.09/turn

%: no passive effects
@: on berserk cooldown, slowed, very slow
A: sickness immunity, AC +4, negative energy resistance 1, electricity
resistance, torment resistance 1, petrification resistance
a: no special abilities


You were on level 3 of the Dungeon.
You visited 1 branch of the dungeon, and saw 3 of its levels.

You collected 164 gold pieces.


Innate Abilities, Weirdness & Mutations

You are immune to sickness and miasma.
Your stone body is resilient. (AC +4)
You are immune to poison.
You resist negative energy. (rN+)
You are resistant to electric shocks. (rElec)
You are resistant to unholy torment.
You are immune to petrification.


   Skills:
 - Level 3.0 Fighting
 + Level 5.9 Ranged Weapons
 - Level 1.0 Armour
 - Level 1.5 Dodging
 - Level 1.1 Stealth


You had 4 spell levels left.
You didn't know any spells.
Your spell library was empty.

Inventory:

Hand Weapons
 a - a +0 shortbow (weapon)
Armour
 b - a +0 pair of gloves (worn)
 h - a +0 ring mail (worn)
Scrolls
 c - 2 scrolls of identify
Potions
 e - a potion of resistance
 g - a potion of mutation {unknown}
 i - 2 potions of curing

Dungeon Overview and Level Annotations

Branches:
Dungeon (3/15)

Altars:


Message History

The orc barely misses you. The orc hits you but does no damage.
You shoot an arrow. The arrow closely misses the orc.
The orc hits you but does no damage.
You shoot an arrow. The arrow closely misses the orc.
The orc priest begins to cast a cantrip, but forgets the words!
The orc completely misses you.
You shoot an arrow. The arrow hits the orc.
The orc is almost dead.
The orc hits you with a +0 dagger.
You shoot an arrow.
The arrow hits the orc but does no damage.
The orc is almost dead.
The orc priest miscasts a cantrip.
You shoot an arrow. The arrow hits the orc.
The orc is lightly wounded.
The orc priest calls upon Beogh to heal the orc.
The orc is healed somewhat.
The orc hits you with a +0 short sword.
You shoot an arrow. The arrow closely misses the orc.
The arrow hits the orc but does no damage.
The orc is moderately wounded.
The orc hits you with a +0 short sword.
The orc priest invokes the aid of Beogh against you.
Beogh smites you!
You shoot an arrow. The arrow barely misses the orc.
The arrow hits the orc.
The orc is severely wounded.
The orc hits you with a +0 short sword.
Enter note:
Enter note:
1859 ||| DRINKING lumpy cyan potion.
It was a potion of berserk rage.
A red film seems to cover your vision as you go berserk!
You feel yourself moving faster!
You feel mighty! The orc misses you.
You feel a strong urge to attack something.
The orc barely misses you.
You feel your anger nearly subside.
You are no longer berserk.
You are exhausted.
You feel yourself slow down. The orc hits you with a +0 short sword.
The orc priest mumbles some strange prayers to Beogh against you.
Beogh smites you!
You die...

###..........<......#
##..........)...... .
#................# ..
##......##.....### ..
##.######.##..# ..
#..# ##....#### #%
##.# #...####..
#oo####.# #%.## #..
#ooo@.#.####..# #..
#.###)........# #..
#. ###.#..#.## #.. #.
#....#.# #.. #.
#.%....# ####.#
#.#####..##### #....#
#..#.....# #.####
#...###.# #.# #..##
#.# ##.# #


You could see 3 orc priests and 2 orcs.

Vanquished Creatures
  2 adders
  4 gnolls (D:3)
  5 dart slugs
  8 endoplasms
  6 giant cockroaches
  7 hobgoblins
  5 jackals
  2 quokkas
  7 ball pythons
  5 bats
  2 frilled lizards
  6 goblins
  5 kobolds (D:1)
  6 rats
70 creatures vanquished.

Notes
Turn   | Place    | Note
-------+----------+-------------------------------------------
     0 | D:1      | qw the Gargoyle Hunter began the quest for the Orb.
     0 | D:1      | Reached XP level 1. HP: 12/12 MP: 1/1
     0 | D:1      | 0 ||| qw: Version: 0.3-a-106-g2cfff9e
     0 | D:1      | 0 ||| qw: Game counter: 2024
     0 | D:1      | 0 ||| qw: Melee chars always use a shield: true
     0 | D:1      | 0 ||| qw: God list: Okawaru
     0 | D:1      | 0 ||| qw: Allow faded altars: false
     0 | D:1      | 0 ||| qw: Do Orc after clearing Dungeon:15 true
     0 | D:1      | 0 ||| qw: Do second Lair branch before Depths: true
     0 | D:1      | 0 ||| qw: Lair rune preference: random
     0 | D:1      | 0 ||| qw: Goals: Normal, Save, Zot:1-4, Win
     0 | D:1      | 0 ||| PLANNING D:1-11
    70 | D:1      | Reached XP level 2. HP: 17/17 MP: 2/2
   315 | D:1      | Reached XP level 3. HP: 21/21 MP: 3/3
   350 | D:1      | Reached skill level 5 in Ranged Weapons
   769 | D:1      | 769 ||| UPGRADING to +0 ring mail.
   779 | D:1      | 779 ||| DROPPING +0 leather armour.
   780 | D:1      | 780 ||| READING scroll labelled JOOCUA KOPO.
   780 | D:1      | 780 ||| IDENTIFYING grey potion
   781 | D:1      | 781 ||| READING scroll labelled OFYUPL WAXI.
   786 | D:1      | 786 ||| DROPPING scroll of butterflies.
   804 | D:2      | 804 ||| STAIRDANCE
   811 | D:2      | 811 ||| STAIRDANCE
   816 | D:2      | 816 ||| STAIRDANCE
   830 | D:2      | 830 ||| STAIRDANCE
   850 | D:2      | Reached skill level 1 in Armour
   917 | D:2      | 917 ||| FLEEEEING.
   918 | D:2      | 918 ||| FLEEEEING.
   919 | D:2      | 919 ||| FLEEEEING.
   920 | D:2      | 920 ||| FLEEEEING.
   921 | D:2      | 921 ||| FLEEEEING.
   922 | D:2      | 922 ||| FLEEEEING.
   923 | D:2      | 923 ||| FLEEEEING.
   944 | D:2      | Reached XP level 4. HP: 27/27 MP: 4/4
   976 | D:2      | Reached skill level 3 in Fighting
  1450 | D:2      | 1450 ||| UPGRADING to +0 pair of gloves.
  1455 | D:2      | 1455 ||| READING scroll labelled HANEPT AXODDACYNT.
  1456 | D:2      | 1456 ||| READING scroll labelled BEXKAU MAEL.
  1557 | D:2      | 1557 ||| READING scroll labelled HAH JINIAKHOWE.
  1558 | D:2      | 1558 ||| DRINKING 3 red potions.
  1662 | D:3      | 1662 ||| RETREEAATING.
  1664 | D:3      | 1664 ||| Stepping ~*~*~tactically~*~*~ (retreating).
  1682 | D:3      | Reached XP level 5. HP: 22/32 MP: 5/5
  1858 | D:3      | HP: 6/32 [orc/+0 short sword (4)]
  1859 | D:3      | 1859 ||| DRINKING lumpy cyan potion.
  1862 | D:3      | Killed from afar by an orc priest

Levels and vault maps discovered:
D:1:      elethiomel_arrival_infinity_welcomes_careful_drivers,
          layout_loops_ring, minivault_14
D:2:      layout_loops_cross
D:3:      layout_rooms

Skill      XL: |  1  2  3  4 |
---------------+-------------+-----
Ranged Weapons | 5 |  5.9
Armour         | 1 |  1.0
Fighting       | 3 |  3.0
Dodging        | |  1.5
Stealth        | |  1.1

Action                     |  1- 3 |  4- 6 || total
---------------------------+-------+-------++-------
   Fire: Shortbow          |   137 |    74 ||   211
    Use: Scroll            |     2 |     3 ||     5
         Potion            |       |     2 ||     2
 Armour: Leather armour    |    23 |       ||    23
         Ring mail         |    20 |    31 ||    51
  Dodge: Dodged            |    28 |    25 ||    53

Table legend:
 A = Non-vault XP
 B = Vault XP
 C = Vault XP percentage of total XP
 D = Non-vault monster count
 E = Vault monster count
 F = Vault count percentage of total count
                 A         B        C        D         E       F
            +---------+---------+-------+---------+---------+-------
      Total |     202 |       0 |   0.0 |      70 |       0 |   0.0
            +---------+---------+-------+---------+---------+-------
        D:1 |      65 |       0 |   0.0 |      35 |       0 |   0.0
        D:2 |      46 |       0 |   0.0 |      18 |       0 |   0.0
        D:3 |      91 |       0 |   0.0 |      17 |       0 |   0.0
            +---------+---------+-------+---------+---------+-------
